aen, chaotic male human Rogue --------- --------------------------------- |........# #................................| |....<..|# #|.------------.....------------ | |.......|# #|.|/?(| |.....| |(((| .| |.......|# #|.|[)!| |.....+ |(((| .| |.......|# #|.|=[*| |.....| |...| .. | --+------### #|.|... -+--.....-----|---|--.| # #|.--|--+---.......I.............| ### #|.............{......{..........+ ####|.--|--+---..).---|--...........| ### |.|... ----.| ...|.----|---- | #### |.|.((| |.|....|.+ |... # .|(((| +.|.._.|.| |....| |.|(((| |.|....|.| |....| |.----- -.------.- ------ |. . . --- --- --- aen the Rogue Experience level: 6 Strength: 15 Dexterity: 18 Constitution: 14 Intelligence: 11 Wisdom: 9 Charisma: 8 Health: 0(43) Energy: 23(23) Def: 16 Gold: 545 Moves: 4008 Dungeon seed: shFb0zI4xAFhOHLm Game ID: aen_1528895068 Your Inventory: Coins $ - 545 gold pieces Weapons b - 6 +0 daggers C - 8 +0 daggers (in quiver) J - a +0 dwarvish short sword (weapon in hand) Q - 11 +0 darts S - 4 blessed +1 daggers Armor n - a blessed +3 oilskin cloak (being worn) q - an uncursed +3 helmet (being worn) H - an uncursed +0 dwarvish mithril-coat (being worn) N - an uncursed +0 pair of iron shoes (being worn) Scrolls E - an uncursed scroll of taming V - an uncursed scroll of amnesia Spellbooks l - a blessed spellbook of charm monster Potions c - an uncursed potion of sickness m - an uncursed potion of fruit juice v - an uncursed potion of object detection A - a blessed potion of fruit juice Tools d - an uncursed lock pick j - an uncursed lock pick y - an uncursed stethoscope L - 2 uncursed partly used tallow candles (0:54) R - an uncursed partly used tallow candle (lit) (0:7) U - an uncursed magic whistle Gems e - an uncursed worthless piece of yellowish brown glass r - 2 uncursed obsidian stones z - an uncursed amethyst stone G - an uncursed worthless piece of blue glass M - an uncursed worthless piece of orange glass O - 2 uncursed rubies P - an uncursed worthless piece of yellow glass T - an uncursed dilithium crystal Y - a cursed loadstone Spells and supernatural/magical abilities: Name Level Category Fail Memory e - charm monster 3 enchantment 100% 85% W - pray for help -- divine ? -- Your skills at the end: Fighting Skills Weapon Skills dagger [Skilled] short sword [Basic] Spellcasting Skills Final Attributes: You were piously aligned. You were telepathic. You were stealthy. You are dead. Vanquished creatures: a dwarf mummy a mountain nymph a rock piercer 5 gnome lords 3 gnomish wizards a kobold mummy 3 giant ants 2 little dogs 4 floating eyes 4 dwarves a rabid rat a monkey an orc zombie a dwarf zombie a werejackal 2 coyotes a gas spore 3 hobbits 5 manes a large kobold 2 hobgoblins a giant rat a yellow mold a red mold 17 gnomes 2 geckos a jackal 3 foxes 2 kobolds a goblin 6 sewer rats 6 grid bugs a bat 7 lichens 4 newts 97 creatures vanquished. Voluntary challenges: You used a wielded weapon 57 times, starting on turn 42. You read items or engraved 11 times, starting on turn 828. You never genocided any monsters. You never polymorphed an object. You never changed form. You used no wishes. You never split a pudding. You never wrote Elbereth's name. You never violated your personal moral code. Dungeon overview: The Dungeons of Doom: levels 1 to 5 Level 1 an altar to Kos, a sink a long staircase Level 2 some fountains Level 3 Level 4 an altar to Mog stairs to The Gnomish Mines Level 5 The Gnomish Mines: levels 5 to 7 Level 5 stairs to The Dungeons of Doom Level 6 Level 7 <- You were here some shops, a temple to Kos, some fountains History has recorded: On T:1 you entered the Dungeons of Doom to retrieve the Amulet of Yendor! On T:271 you advanced to experience level 2. On T:359 you reached level 2 of The Dungeons of Doom. On T:648 you advanced to experience level 3. On T:738 you reached level 3 of The Dungeons of Doom. On T:1027 you advanced to experience level 4. On T:1464 you reached level 4 of The Dungeons of Doom. On T:1789 you reached level 5 of The Dungeons of Doom. On T:2175 you advanced to experience level 5. On T:2425 you reached level 1 of The Gnomish Mines. On T:3115 you reached level 2 of The Gnomish Mines. On T:3197 you advanced to experience level 6. On T:3799 you reached level 3 of The Gnomish Mines. Score breakdown: Gold: 545 ( 9310 points) Experience: 6 levels (12456 points) Exploration: 7 levels ( 13.21%) (10190 points) Discoveries: 8 items ( 2.68%) ( 4915 points) Valuables value: (no points given unless you survive) Artifact value: 0 ( 0 points) Variety of kills: 35 monsters ( 9.19%) ( 9092 points) Turncount: 4008 turns (-1027 points) Survival: died (score multiplied by 80%) Total score: 35948 Latest messages: It hits! It misses. It bites! It hits! It misses. It bites! It misses. It hits! It bites! You come to. The jaguar hits! (2x) The jaguar bites! The jaguar hits! The jaguar misses. The jaguar bites! As you read the scroll, it disappears. The housecat misses the jaguar. The jaguar misses the housecat. The jaguar hits the housecat. The jaguar misses the housecat. You faint from lack of food. It hits! (2x) It bites! It hits! You die... Final status: Goodbye aen the Rogue, killed by a jaguar, while fainted from lack of food... You died in The Gnomish Mines on dungeon level 7 with 35948 points, and 545 pieces of gold, after 4008 moves. You were level 6 with a maximum of 43 hit points when you died.